 Dungeon Crawl Stone Soup version 0.29-a0-330-g52719c12eb (webtiles) character file.

Game seed: 6379507270098541062

189 kipponium the Twirler (level 5, -4/30 HPs)
             Began as a Gargoyle Gladiator on Apr 12, 2022.
             Was an Initiate of Okawaru.
             Slain by a gnoll
             ... wielding a +0 flail
              (7 damage)
             ... on level 4 of the Dungeon.
             The game lasted 00:05:08 (3044 turns).

kipponium the Twirler (Gargoyle Gladiator)          Turns: 3044, Time: 00:05:09

Health: -4/30      AC:  8    Str: 20    XL:     5   Next: 68%
Magic:  5/5        EV: 12    Int: 14    God:    Okawaru [......]
Gold:   255        SH:  0    Dex: 11    Spells: 4/4 levels left

rFire   . . .      SeeInvis .   a - +0 quarterstaff
rCold   . . .      Faith    .   (shield currently unavailable)
rNeg    + . .      Spirit   .   b - +0 leather armour
rPois   ∞          Reflect  .   c - +0 helmet
rElec   +          Harm     .   (no cloak)
rCorr   .          Rampage  .   (no gloves)
Will    .....                   (no boots)
Stlth   +.........              (no amulet)
HPRegen 0.10/turn               r - +6 ring of intelligence
MPRegen 0.09/turn               (no ring)

@: no status effects
A: sickness immunity, AC +4, negative energy resistance 1, electricity
resistance, torment resistance 1, petrification resistance
a: Renounce Religion


You were on level 4 of the Dungeon.
You worshipped Okawaru.
Okawaru was noncommittal.
You visited 2 branches of the dungeon, and saw 5 of its levels.

You collected 255 gold pieces.

Inventory:

Hand Weapons
 a - a +0 quarterstaff (weapon)
Missiles
 d - 2 throwing nets (quivered)
 e - 4 javelins
 h - 8 poisoned darts
Armour
 b - a +0 leather armour (worn)
 c - a +0 helmet (worn)
Jewellery
 r - a +6 ring of intelligence (left hand)
Wands
 o - a wand of iceblast (4)
 p - a wand of mindburst (15)
Scrolls
 i - 4 scrolls of identify {unknown}
 k - a scroll of immolation {unknown}
 l - a scroll of summoning {unknown}
 n - a scroll of noise {unknown}
 t - 3 scrolls of torment {unknown}
Potions
 f - 2 potions of brilliance {unknown}
 g - a potion of mutation {unknown}
 j - a potion of invisibility {unknown}
 m - a potion of cancellation {unknown}
 q - a potion of attraction {unknown}
 s - a potion of magic {unknown}
 u - a potion of degeneration {unknown}


   Skills:
 - Level 2.1 Fighting
 * Level 6.2 Staves
 - Level 1.7 Throwing
 - Level 2.4 Dodging


You had 4 spell levels left.
You didn't know any spells.
Your spell library contained the following spells:

 Spells                   Type           Power      Damage    Failure   Level
 Foxfire                  Conj/Fire      0%         2x1d4     34%         1
 Conjure Flame            Conj/Fire      0%         6-21      71%         3
 Inner Flame              Hex/Fire       0%         N/A       71%         3
 Mephitic Cloud           Conj/Pois/Air  0%         N/A       71%         3
 Flame Wave               Conj/Fire      0%         2d4       98%         4
 Silence                  Hex/Air        0%         N/A       100%        5
 Spellforged Servitor     Conj/Summ      Unusable   N/A       N/A         7

Dungeon Overview and Level Annotations

Branches:
Dungeon (4/15)             Temple (1/1) D:4

Altars:
Gozag
Okawaru
Xom

Shops:
D:1 ?


Innate Abilities, Weirdness & Mutations

You are immune to sickness and miasma.
Your stone body is resilient. (AC +4)
You are immune to poison.
You resist negative energy. (rN+)
You are resistant to electric shocks. (rElec)
You are resistant to unholy torment.
You are immune to petrification.


Message History

The jackal misses you.
You barely miss the jackal.
The jackal is moderately wounded.
The jackal misses you.
The jackal bites you but does no damage.
The jackal barely misses you.
You sock the jackal!
You kill the jackal!
Okawaru accepts your kill. The jackal bites you.
You hit the kobold.
The kobold is severely wounded.
The jackal closely misses you.
A gnoll comes into view. It is wielding a +0 spear.
The kobold misses you. The jackal barely misses you.
The gnoll shouts!
You sock the kobold!
You kill the kobold!
Okawaru accepts your kill.
The jackal bites you but does no damage.
You barely miss the gnoll. The gnoll misses you.
The gnoll hits you but does no damage. The gnoll barely misses you.
The jackal bites you but does no damage.
You barely miss the gnoll.
The jackal bites you but does no damage.
The gnoll misses you. The gnoll hits you but does no damage.
The gnoll barely misses you. The jackal bites you.
You hit the gnoll.
The gnoll is heavily wounded.
The gnoll closely misses you. x2
The gnoll hits you from afar with a +0 halberd!
The jackal bites you but does no damage.
You barely miss the gnoll.
The gnoll is heavily wounded.
The jackal barely misses you. The gnoll hits you with a +0 flail.
The gnoll hits you from afar with a +0 spear.
The gnoll hits you from afar with a +0 halberd!
* * * LOW HITPOINT WARNING * * *
The gnoll attacks as you move away! The gnoll hits you with a +0 flail!
You die...

#....#...##...##..###
#....#...##...##.....
#....'...##...##.....
#....#...............
#....#...##..........
#....##'###...##.).##
#....#...##...##...#
#...†#....... ......
#..†@'...............
#..gh###########.....
#..ggg ###### #...$..
#....... #........
#....##### #....#


You could see 4 gnolls and a jackal.

Vanquished Creatures
  An ogre (D:4)
  2 adders (D:3)
  2 worms (D:3)
  2 dart slugs
  2 orcs (D:3)
  4 bats
  7 endoplasms
  3 giant cockroaches (D:1)
  7 goblins
  6 hobgoblins
  10 jackals
  10 kobolds
  3 quokkas
  6 ball pythons
  5 frilled lizards (D:1)
  5 rats
75 creatures vanquished.

Notes
Turn   | Place    | Note
-------+----------+-------------------------------------------
     0 | D:1      | kipponium the Gargoyle Gladiator began the quest for the
                  | Orb.
     0 | D:1      | Reached XP level 1. HP: 12/12 MP: 1/1
    40 | D:1      | Reached XP level 2. HP: 16/17 MP: 2/2
   355 | D:1      | Found Moec's Magic Scroll Boutique.
   540 | D:1      | Reached skill level 4 in Staves
   779 | D:1      | Reached XP level 3. HP: 20/21 MP: 3/3
  1445 | D:2      | Found a faded altar of an unknown god.
  1878 | D:3      | Reached XP level 4. HP: 17/26 MP: 4/4
  1997 | D:3      | Got the Collected Works on Hurtful Execration
  2264 | D:3      | Reached skill level 5 in Staves
  2365 | D:3      | Found a shimmering altar of Xom.
  2778 | D:4      | Found a staircase to the Ecumenical Temple.
  2786 | Temple   | Entered the Ecumenical Temple
  2826 | Temple   | Became a worshipper of Warmaster Okawaru
  2959 | D:4      | Noticed an ogre
  2968 | D:4      | Killed an ogre
  2969 | D:4      | Reached skill level 6 in Staves
  2969 | D:4      | Reached XP level 5. HP: 30/30 MP: 5/5
  3044 | D:4      | Slain by a gnoll

Illustrated notes

Levels and vault maps discovered:
D:1:      dpeg_arrival_shrine, layout_basic, serial_shops, shop
D:2:      layout_loops_cross, shapermc_ecumenical_altar_notcrosses,
          uniq_crazy_yiuf_cottage
D:3:      layout_loops_ring, xom_teletrap_fun, minmay_checkerbox
D:4:      layout_gridville, kennysheep_mini, minmay_temple_entry_trees,
          uniq_robin, uniq_sigmund
Temple:   regret_index_temple_generic_petals

Skill      XL: |  1  2  3  4 |
---------------+-------------+-----
Staves         | 4 6 |  6.2
Fighting       | |  2.1
Throwing       | |  1.7
Dodging        | |  2.4

Action                   |  1- 3 |  4- 6 || total
-------------------------+-------+-------++-------
Melee: Quarterstaff      |   137 |    75 ||   212
Throw: Throwing net      |       |     1 ||     1
 Stab: Held in net/web   |       |     2 ||     2
Armor: Leather armour    |    55 |    30 ||    85
Dodge: Dodged            |    91 |    60 ||   151

Table legend: (Time is in decaauts)
 A = Elapsed time spent in this place.
 B = Non-inter-level travel time spent in this place.
 C = Inter-level travel time spent in this place.
 D = Time resting spent in this place.
 E = Time spent auto-exploring this place.
 F = Levels seen in this place.
 G = Mean time per level.
                   A        B        C        D        E       F      G
               +--------+--------+--------+--------+--------+-----+--------+
         Total |   3059 |   2951 |    108 |    170 |   2268 |   5 |  611.8 |
       Dungeon |   3010 |   2910 |    100 |    170 |   2239 |   4 |  752.5 |
        Temple |     49 |     41 |      8 |      0 |     29 |   1 |   49.0 |
               +--------+--------+--------+--------+--------+-----+--------+

Top non-repeatable levels by time:
     D:1: 1113 daAuts
     D:3: 947 daAuts
     D:2: 733 daAuts
     D:4: 216 daAuts
  Temple: 49 daAuts
